| TOP OF THE 1ST |
|
Buffalo Bisons batting - Pitching for Scranton WB RailRiders : RHP Bao-qing Bu
|
|
Pitching: RHP Bao-qing Bu
|
|
|
Batting: LHB Tso-lin Fen
|
0-0: Ball 1-0: Ball 2-0: Called Strike 2-1: Fly out, F9 (Flyball, 9D, EV 106.3 MPH)
|
|
Batting: LHB Josh Stuck
|
0-0: Called Strike 0-1: Ball 1-1: Ball 2-1: Foul Ball, location: 2F 2-2: Strikes out swinging
|
|
Batting: RHB Ryan Kinkead
|
0-0: Called Strike 0-1: Ball 1-1: Fly out, F6 (Popup, 15S, EV 83.1 MPH)
|
| Top of the 1st over - 0 runs, 0 hits, 0 errors, 0 left on base; Buffalo 0 - Scranton WB 0 |
| BOTTOM OF THE 1ST |
|
Scranton WB RailRiders batting - Pitching for Buffalo Bisons : RHP Justin Sedivy
|
|
Pitching: RHP Justin Sedivy
|
|
|
Batting: RHB Russ Shambaugh
|
0-0: Foul Ball, location: 2F 0-1: Ball 1-1: Called Strike 1-2: Ball 2-2: Strikes out swinging
|
|
Batting: LHB Kazuyoshi Nakamura
|
0-0: Called Strike 0-1: Swinging Strike 0-2: Strikes out looking
|
|
Batting: RHB Sean Neuroth
|
0-0: Called Strike 0-1: Swinging Strike 0-2: Strikes out swinging
|
| Bottom of the 1st over - 0 runs, 0 hits, 0 errors, 0 left on base; Buffalo 0 - Scranton WB 0 |
| TOP OF THE 2ND |
|
Buffalo Bisons batting - Pitching for Scranton WB RailRiders : RHP Bao-qing Bu
|
|
Batting: RHB Greg Herzig
|
0-0: Ball 1-0: Ball 2-0: Foul Ball, location: 2F 2-1: DOUBLE (Flyball, 8RXD, EV 107.5 MPH)
|
|
Batting: RHB Fraco Munoz
|
0-0: Ball 1-0: Called Strike 1-1: Ball 2-1: Swinging Strike 2-2: Ball 3-2: SINGLE (Groundball, 6D, EV 96.3 MPH) Greg Herzig to third
|
|
Batting: RHB Mike Strey
|
0-0: Called Strike 0-1: Grounds into double play, 5-4-3 (Groundball, 56, EV 92.5 MPH) Greg Herzig scores
|
|
Batting: RHB Jon Aguilar
|
0-0: Ball 1-0: Called Strike 1-1: Foul Ball, location: 2F 1-2: Strikes out swinging
|
| Top of the 2nd over - 1 run, 2 hits, 0 errors, 0 left on base; Buffalo 1 - Scranton WB 0 |
| BOTTOM OF THE 2ND |
|
Scranton WB RailRiders batting - Pitching for Buffalo Bisons : RHP Justin Sedivy
|
|
Batting: RHB Luis Balderas
|
0-0: Called Strike 0-1: Foul Ball, location: 2F 0-2: Ball 1-2: Ball 2-2: Ball 3-2: SINGLE (Groundball, 34D, EV 100.0 MPH)
|
|
Batting: RHB Pat Bernier
|
0-0: Called Strike 0-1: Grounds into double play, 5-4-3 (Groundball, 25, EV 82.5 MPH)
|
|
Batting: RHB Jarrod Joyce
|
0-0: Ball 1-0: Called Strike 1-1: Ball 2-1: Called Strike 2-2: Strikes out swinging
|
| Bottom of the 2nd over - 0 runs, 1 hit, 0 errors, 0 left on base; Buffalo 1 - Scranton WB 0 |
| TOP OF THE 3RD |
|
Buffalo Bisons batting - Pitching for Scranton WB RailRiders : RHP Bao-qing Bu
|
|
Batting: RHB Tony Rosas
|
0-0: Ball 1-0: Ball 2-0: Called Strike 2-1: TRIPLE (Line Drive, 89XD, EV 100.0 MPH)
|
|
Batting: RHB John Loving
|
0-0: Swinging Strike 0-1: Swinging Strike 0-2: TRIPLE (Flyball, 89XD, EV 110.0 MPH) Tony Rosas scores
|
|
Batting: LHB Tso-lin Fen
|
0-0: Called Strike 0-1: Ground out 4-3 (Groundball, 4, EV 105.0 MPH) John Loving scores
|
|
Batting: LHB Josh Stuck
|
0-0: Ball 1-0: Ball 2-0: Ball 3-0: Called Strike 3-1: Foul Ball, location: 2F 3-2: Foul Ball, location: 2F 3-2: Base on Balls
|
|
Batting: RHB Ryan Kinkead
|
0-0: Ball 1-0: Called Strike 1-1: Ball 2-1: Called Strike 2-2: Grounds out, U3 (Groundball, 3L, EV 99.4 MPH)
|
|
Batting: RHB Greg Herzig
|
0-0: Called Strike 0-1: Ball 1-1: Swinging Strike 1-2: Hit by Pitch
|
|
Batting: RHB Fraco Munoz
|
0-0: Foul Ball, location: 2F 0-1: Ground out 5-3 (Groundball, 56, EV 105.6 MPH)
|
| Top of the 3rd over - 2 runs, 2 hits, 0 errors, 2 left on base; Buffalo 3 - Scranton WB 0 |
| BOTTOM OF THE 3RD |
|
Scranton WB RailRiders batting - Pitching for Buffalo Bisons : RHP Justin Sedivy
|
|
Batting: RHB Jeremy Boerman
|
0-0: Ball 1-0: DOUBLE (Groundball, 5L, EV 105.6 MPH)
|
|
Batting: RHB Hector Padilla
|
0-0: Called Strike 0-1: Ball 1-1: Ball 2-1: Ball 3-1: Foul Ball, location: 2F 3-2: Strikes out looking
|
|
Batting: RHB Willie Childs
|
0-0: Ground out 5-3 (Groundball, 5L, EV 80.6 MPH)
|
|
Batting: RHB Russ Shambaugh
|
0-0: Ball 1-0: Foul Ball, location: 2F 1-1: Called Strike 1-2: Foul Ball, location: 2F 1-2: Strikes out swinging
|
| Bottom of the 3rd over - 0 runs, 1 hit, 0 errors, 1 left on base; Buffalo 3 - Scranton WB 0 |
| TOP OF THE 4TH |
|
Buffalo Bisons batting - Pitching for Scranton WB RailRiders : RHP Bao-qing Bu
|
|
Batting: RHB Mike Strey
|
0-0: Ball 1-0: Ball 2-0: Ball 3-0: Base on Balls
|
|
Batting: RHB Jon Aguilar
|
0-0: Ball 1-0: Ball 2-0: Called Strike 2-1: SINGLE (Groundball, 5L, EV 99.4 MPH) (infield hit) Mike Strey to second
|
|
Batting: RHB Tony Rosas
|
0-0: Foul Ball, location: 2F 0-1: Foul Ball, location: 2F 0-2: Fly out, F8 (Flyball, 78XD, EV 100.6 MPH) Runner from 2nd tags up, SAFE at 3rd, no throw by CF
|
|
Batting: RHB John Loving
|
0-0: Ball 1-0: Ball 2-0: Foul Ball, location: 2F 2-1: Fly out, F8 (Flyball, 78D, EV 106.3 MPH) Runner from 3rd tags up, SCORES, throw by CF
|
|
Batting: LHB Tso-lin Fen
|
0-0: Ball 1-0: Called Strike Jon Aguilar steals 2nd base 1-1: Called Strike 1-2: Ball 2-2: SINGLE (Groundball, 34D, EV 97.5 MPH) Jon Aguilar to third Runner from 3rd tries for Home, SAFE, throw by RF to home
|
|
Pitching: LHP Cody Kane
|
|
|
Batting: LHB Josh Stuck
|
0-0: Called Strike 0-1: Foul Ball, location: 2F Pickoff Throw to First - Out! 1-3
|
| Top of the 4th over - 2 runs, 2 hits, 0 errors, 0 left on base; Buffalo 5 - Scranton WB 0 |
| BOTTOM OF THE 4TH |
|
Scranton WB RailRiders batting - Pitching for Buffalo Bisons : RHP Justin Sedivy
|
|
Batting: LHB Kazuyoshi Nakamura
|
0-0: Ground out 4-3 (Groundball, 4, EV 108.8 MPH)
|
|
Batting: RHB Sean Neuroth
|
0-0: Called Strike 0-1: Ball 1-1: Reached on error, E6 (Groundball, 56, EV 108.8 MPH)
|
|
Batting: RHB Luis Balderas
|
0-0: Called Strike 0-1: Ball 1-1: Ball Sean Neuroth steals 2nd base (no throw) 2-1: DOUBLE (Flyball, 8LXD, EV 93.8 MPH) Sean Neuroth scores
|
|
Batting: RHB Pat Bernier
|
0-0: Ball 1-0: SINGLE (Groundball, 56S, EV 67.5 MPH) (infield hit) Luis Balderas to third
|
|
Batting: RHB Jarrod Joyce
|
Pickoff Throw to First - Out! 1-3 0-0: Ball 1-0: Fly out, F4 (Flyball, 4D, EV 92.5 MPH)
|
| Bottom of the 4th over - 1 run, 2 hits, 1 error, 1 left on base; Buffalo 5 - Scranton WB 1 |
| TOP OF THE 5TH |
|
Buffalo Bisons batting - Pitching for Scranton WB RailRiders : LHP Cody Kane
|
|
Batting: LHB Josh Stuck
|
0-0: Called Strike 0-1: Called Strike 0-2: Strikes out swinging
|
|
Batting: RHB Ryan Kinkead
|
0-0: SINGLE (Groundball, 4MD, EV 94.4 MPH)
|
|
Batting: RHB Greg Herzig
|
0-0: Ball 1-0: Foul Ball, location: 2F 1-1: Ball 2-1: Ball 3-1: Fielders Choice at 2nd, 6-4 (Groundball, 56, EV 85.0 MPH)
|
|
Batting: RHB Fraco Munoz
|
0-0: Ball 1-0: Ball 2-0: Fielders Choice at 2nd, 6-4 (Groundball, 6, EV 102.5 MPH)
|
| Top of the 5th over - 0 runs, 1 hit, 0 errors, 1 left on base; Buffalo 5 - Scranton WB 1 |
| BOTTOM OF THE 5TH |
|
Scranton WB RailRiders batting - Pitching for Buffalo Bisons : RHP Justin Sedivy
|
|
Batting: RHB Jeremy Boerman
|
0-0: Called Strike 0-1: DOUBLE (Line Drive, 78D, EV 112.5 MPH)
|
|
Batting: RHB Hector Padilla
|
0-0: Ball 1-0: Fly out, F6 (Popup, 6M, EV 63.8 MPH)
|
|
Batting: RHB Willie Childs
|
0-0: Ball 1-0: Called Strike 1-1: Called Strike 1-2: Strikes out looking
|
|
Batting: RHB Russ Shambaugh
|
0-0: Ball 1-0: Called Strike 1-1: Called Strike 1-2: Ball 2-2: Ball 3-2: Ground out 4-3 (Groundball, 4, EV 85.0 MPH)
|
| Bottom of the 5th over - 0 runs, 1 hit, 0 errors, 1 left on base; Buffalo 5 - Scranton WB 1 |
| TOP OF THE 6TH |
|
Buffalo Bisons batting - Pitching for Scranton WB RailRiders : LHP Cody Kane
|
|
Batting: RHB Mike Strey
|
0-0: Foul Ball, location: 2F 0-1: Called Strike 0-2: Ball 1-2: Foul Ball, location: 2F 1-2: Strikes out swinging
|
|
Batting: RHB Jon Aguilar
|
0-0: Reached on error, E6 (Groundball, 6, EV 79.4 MPH)
|
|
Batting: RHB Tony Rosas
|
0-0: Ground out 4-3 (Groundball, 4S, EV 84.4 MPH) Jon Aguilar to third
|
|
Batting: RHB John Loving
|
0-0: Ball 1-0: Ground out 5-3 (Groundball, 56, EV 86.3 MPH)
|
| Top of the 6th over - 0 runs, 0 hits, 1 error, 1 left on base; Buffalo 5 - Scranton WB 1 |
| BOTTOM OF THE 6TH |
|
Scranton WB RailRiders batting - Pitching for Buffalo Bisons : RHP Justin Sedivy
|
|
Batting: LHB Kazuyoshi Nakamura
|
0-0: Ball 1-0: Called Strike 1-1: Swinging Strike 1-2: Strikes out swinging
|
|
Batting: RHB Sean Neuroth
|
0-0: Fly out, F8 (Line Drive, 8RM, EV 85.6 MPH)
|
|
Batting: RHB Luis Balderas
|
0-0: Called Strike 0-1: Called Strike 0-2: Ball 1-2: Ball 2-2: Ball 3-2: Foul Ball, location: 2F 3-2: Base on Balls
|
|
Batting: RHB Pat Bernier
|
0-0: Ball 1-0: Ball 2-0: Swinging Strike 2-1: Ball 3-1: Ground out 4-3 (Groundball, 4, EV 87.5 MPH)
|
| Bottom of the 6th over - 0 runs, 0 hits, 0 errors, 1 left on base; Buffalo 5 - Scranton WB 1 |
| TOP OF THE 7TH |
|
Buffalo Bisons batting - Pitching for Scranton WB RailRiders : LHP Cody Kane
|
|
Pitching: RHP Leo Kammerling
|
|
|
Batting: LHB Tso-lin Fen
|
0-0: Ball 1-0: SINGLE (Groundball, 6M, EV 85.6 MPH) (infield hit)
|
|
Batting: LHB Josh Stuck
|
0-0: Bunted foul 0-1: Bunted foul 0-2: Ball 1-2: Foul Ball, location: 2F 1-2: Ball 2-2: Foul Ball, location: 2F 2-2: Foul Ball, location: 2F 2-2: Foul Ball, location: 2F 2-2: Ball 3-2: Fly out, F8 (Flyball, 8LD, EV 75.0 MPH)
|
|
Batting: RHB Ryan Kinkead
|
0-0: Ball 1-0: Called Strike Tso-lin Fen steals 2nd base 1-1: Ball 2-1: Foul Ball, location: 2F 2-2: Foul Ball, location: 2F 2-2: SINGLE (Groundball, 4D, EV 107.5 MPH) Tso-lin Fen to third Runner from 3rd tries for Home, SAFE, throw by CF to home
|
|
Batting: RHB Greg Herzig
|
0-0: Called Strike 0-1: Ball 1-1: Ball 2-1: Ball 3-1: Base on Balls Ryan Kinkead to second
|
|
Batting: RHB Fraco Munoz
|
0-0: Swinging Strike 0-1: Ball 1-1: Ball 2-1: Fielders Choice at 2nd, 5-4 (Groundball, 56, EV 85.0 MPH) Ryan Kinkead to third
|
|
Batting: RHB Mike Strey
|
0-0: Fielders Choice at 2nd, 6-4 (Groundball, 6, EV 97.5 MPH)
|
| Top of the 7th over - 1 run, 2 hits, 0 errors, 2 left on base; Buffalo 6 - Scranton WB 1 |
| BOTTOM OF THE 7TH |
|
Scranton WB RailRiders batting - Pitching for Buffalo Bisons : RHP Justin Sedivy
|
|
Batting: RHB Jarrod Joyce
|
0-0: Ball 1-0: Foul Ball, location: 2F 1-1: Foul Ball, location: 2F 1-2: Ball 2-2: SINGLE (Line Drive, 5D, EV 104.4 MPH)
|
|
Batting: RHB Jeremy Boerman
|
0-0: Called Strike 0-1: Ball 1-1: Called Strike 1-2: Strikes out swinging
|
|
Batting: RHB Hector Padilla
|
0-0: DOUBLE (Flyball, 89XD, EV 88.1 MPH) Jarrod Joyce to third
|
|
Batting: RHB Willie Childs
|
0-0: Foul Ball, location: 2F 0-1: Ball 1-1: Called Strike 1-2: Foul Ball, location: 2F 1-2: Ball 2-2: Ball 3-2: Ground out 5-3 (Groundball, 56D, EV 84.4 MPH) Jarrod Joyce scores
|
|
Batting: RHB Russ Shambaugh
|
0-0: Ball 1-0: Foul Ball, location: 2F 1-1: Swinging Strike 1-2: Foul Ball, location: 2F 1-2: Strikes out looking
|
| Bottom of the 7th over - 1 run, 2 hits, 0 errors, 1 left on base; Buffalo 6 - Scranton WB 2 |
| TOP OF THE 8TH |
|
Buffalo Bisons batting - Pitching for Scranton WB RailRiders : RHP Leo Kammerling
|
|
Pitching: LHP Jason Merritt
|
|
|
Batting: RHB Jon Aguilar
|
0-0: Ball 1-0: Ball 2-0: Ground out 5-3 (Groundball, 5, EV 82.5 MPH)
|
|
Batting: RHB Tony Rosas
|
0-0: Fly out, F7 (Flyball, 7, EV 90.6 MPH)
|
|
Batting: RHB John Loving
|
0-0: Ball 1-0: Called Strike 1-1: Ground out U3 (Groundball, 3, EV 95.6 MPH)
|
| Top of the 8th over - 0 runs, 0 hits, 0 errors, 0 left on base; Buffalo 6 - Scranton WB 2 |
| BOTTOM OF THE 8TH |
|
Scranton WB RailRiders batting - Pitching for Buffalo Bisons : RHP Justin Sedivy
|
|
Pitching: RHP Gilberto Dominguez
|
|
|
Batting: LHB Kazuyoshi Nakamura
|
0-0: Ball 1-0: Called Strike 1-1: Swinging Strike 1-2: Foul Ball, location: 2F 1-2: Ball 2-2: Strikes out swinging
|
|
Batting: RHB Sean Neuroth
|
0-0: Called Strike 0-1: Called Strike 0-2: Ball 1-2: Strikes out looking
|
|
Batting: RHB Luis Balderas
|
0-0: Called Strike 0-1: Ball 1-1: Ball 2-1: Foul Ball, location: 2F 2-2: Foul Ball, location: 2F 2-2: Ball 3-2: SOLO HOME RUN (Flyball, 9D, EV 97.5 MPH), Distance : 376 ft
|
|
Batting: RHB Pat Bernier
|
0-0: Called Strike 0-1: Ball 1-1: Fly out, F4 (Flyball, 3D, EV 86.3 MPH)
|
| Bottom of the 8th over - 1 run, 1 hit, 0 errors, 0 left on base; Buffalo 6 - Scranton WB 3 |
| TOP OF THE 9TH |
|
Buffalo Bisons batting - Pitching for Scranton WB RailRiders : LHP Jason Merritt
|
|
Batting: LHB Tso-lin Fen
|
0-0: Ball 1-0: Foul Ball, location: 2F 1-1: Ground out 3-1 (Groundball, 34, EV 87.5 MPH)
|
|
Batting: LHB Josh Stuck
|
0-0: Foul Ball, location: 2F 0-1: Ball 1-1: SINGLE (Popup, 56D, EV 76.3 MPH)
|
|
Batting: RHB Ryan Kinkead
|
0-0: Called Strike 0-1: Called Strike 0-2: Ball 1-2: Ball 2-2: Strikes out swinging
|
|
Batting: RHB Greg Herzig
|
0-0: Called Strike 0-1: Swinging Strike 0-2: Strikes out looking
|
| Top of the 9th over - 0 runs, 1 hit, 0 errors, 1 left on base; Buffalo 6 - Scranton WB 3 |
| BOTTOM OF THE 9TH |
|
Scranton WB RailRiders batting - Pitching for Buffalo Bisons : RHP Gilberto Dominguez
|
|
Pitching: RHP Chase Schlong
|
|
|
Batting: RHB Jarrod Joyce
|
0-0: Ball 1-0: Fly out, F8 (Line Drive, 8LM, EV 92.5 MPH)
|
|
Batting: RHB Jeremy Boerman
|
0-0: Hit by Pitch
|
|
Batting: RHB Hector Padilla
|
0-0: Ball 1-0: Ball 2-0: Fielders Choice at 2nd, 4-6 (Groundball, 4M, EV 101.3 MPH)
|
|
Batting: RHB Willie Childs
|
0-0: Ball 1-0: Called Strike 1-1: Called Strike 1-2: Ball 2-2: Ball 3-2: Foul Ball, location: 2F 3-2: Strikes out swinging
|
| Bottom of the 9th over - 0 runs, 0 hits, 0 errors, 1 left on base; Buffalo 6 - Scranton WB 3 |
|